 Dungeon Crawl Stone Soup version 0.28-a0-861-ge64d6db94f (webtiles) character file.

Game seed: 6565859700244104710

31 ders the Digger (level 3, 0/28 HPs)
             Began as a Gargoyle Earth Elementalist on Nov 15, 2021.
             Slain by a scorpion (2 damage)
             ... on level 2 of the Dungeon.
             The game lasted 00:03:05 (1615 turns).

ders the Digger (Gargoyle Earth Elementalist)       Turns: 1615, Time: 00:03:06

Health: 0/28       AC: 21    Str:  9 (11) XL:     3   Next: 22%
Magic:  0/6        EV:  2    Int: 13 (16) God:
Gold:   10         SH:  0    Dex:  6 (8)  Spells: 2/6 levels left

rFire   . . .      SeeInvis .   g - +2 dagger (speed)
rCold   . . .      Faith    .   (no shield)
rNeg    + . .      Spirit   .   (armour currently unavailable)
rPois   ∞          Reflect  .   (helmet currently unavailable)
rElec   .          Harm     .   (cloak currently unavailable)
rCorr   .          Rampage  .   (gloves currently unavailable)
Will    .....      NoTele   +   (boots currently unavailable)
Stlth   +.........              (no amulet)
HPRegen 0.09/turn               (no ring)
MPRegen 0.10/turn               (no ring)

@: tree-form (expiring), weak-willed
A: stationary, stasis, torment immunity, boosted hp, sickness immunity, AC +3,
negative energy resistance 1, (electricity resistance), torment resistance 1,
petrification resistance, (big wings), clumsy 1
a: no special abilities


You were on level 2 of the Dungeon.
You were a tree.
You visited 1 branch of the dungeon, and saw 2 of its levels.

You collected 10 gold pieces.

Inventory:

Hand Weapons
 g - a +2 dagger of speed (weapon)
Missiles
 c - 139 stones
Armour
 b - a +0 robe (melded)
Scrolls
 a - 2 scrolls of identify
 e - a scroll of noise
 h - 2 scrolls of teleportation


   Skills:
 - Level 1.5 Dodging
 - Level 2.1 Stealth
 + Level 2.3 Spellcasting
 * Level 0.1 Conjurations
 + Level 1.2 Transmutations
 * Level 4.5 Earth Magic


You had 2 spell levels left.
You knew the following spells:

 Your Spells              Type           Power      Damage    Failure   Level
a - Sandblast             Erth           26%        2d8       3%          1
b - Stone Arrow           Conj/Erth      14%        3d7       28%         3

Your spell library contained the following spells:

 Spells                   Type           Power      Damage    Failure   Level
 Passwall                 Tmut/Erth      6%         N/A       12%         2
 Petrify                  Tmut/Erth      8%         N/A       58%         4


Dungeon Overview and Level Annotations

Branches:
Dungeon (2/15)

Altars:
Xom


Innate Abilities, Weirdness & Mutations

You are a tree.
Your roots penetrate the ground, keeping you stationary.
You cannot be teleported.
You are immune to unholy pain and torment.
Your maximum health is greatly increased.
Your equipment is partially melded.
You are immune to sickness and miasma.
((Your stone body is resilient. (AC +3)))
You are immune to poison.
You resist negative energy. (rN+)
((You are resistant to electric shocks. (rElec)))
You are resistant to unholy torment.
You are immune to petrification.
((Your large and strong wings let you fly.))
You are clumsy. (Dex -2)


Message History

The scorpion is lightly wounded.
The scorpion stings you but does no damage.
You barely miss the scorpion.
The scorpion is lightly wounded.
The scorpion stings you but does no damage.
You closely miss the scorpion.
The scorpion is lightly wounded.
The scorpion stings you but does no damage.
You barely miss the scorpion.
The scorpion is lightly wounded.
The scorpion stings you but does no damage.
You closely miss the scorpion.
The scorpion is lightly wounded.
You barely miss the scorpion.
The scorpion is lightly wounded.
The scorpion stings you but does no damage.
Casting: Sandblast (safe; 3% risk of failure)
Confirm with . or Enter, or press ? or * to list all spells.
Aiming: Sandblast (safe; 3% risk of failure)
Press: ? - help, Shift-Dir - straight line, f/p - scorpion
Aim: a scorpion (lightly wounded, weak-willed, 79% to hit)
The blast of sand hits the scorpion but does no damage.
The scorpion is lightly wounded.
The scorpion stings you but does no damage. x2
Unknown command.
You cannot move.
You cannot move.
You hit the scorpion but do no damage.
The scorpion is lightly wounded.
You hit the scorpion but do no damage.
The scorpion is lightly wounded.
The scorpion stings you.
* * * LOW HITPOINT WARNING * * *
You hit the scorpion but do no damage.
The scorpion is lightly wounded.
The scorpion stings you but does no damage.
You hit the scorpion.
The scorpion is moderately wounded.
The scorpion stings you.
You die...

.. ♣.♣ #......
#.....#♣♣.♣♣#.#####
#.............#
#.....#♣♣.♣♣### ###...(.#
♣.♣ #...(...###.##
#.#.......#..#
#.#.s.....##.### . #
#...♣..........# ...
#...###.........##.#.....
#.....).##......'........
#...######......#....##..
#. #....)..#....#
#.......#....#
..........#......
####......########
########


You could see a scorpion (weak-willed).

Vanquished Creatures
  An adder (D:2)
  3 bats
  3 endoplasms
  3 goblins
  2 hobgoblins
  2 kobolds
  2 quokkas (D:1)
  A ball python (D:2)
  A frilled lizard (D:1)
  2 rats
20 creatures vanquished.

Notes
Turn   | Place    | Note
-------+----------+-------------------------------------------
     0 | D:1      | ders the Gargoyle Earth Elementalist began the quest for
                  | the Orb.
     0 | D:1      | Reached XP level 1. HP: 10/10 MP: 3/3
   117 | D:1      | Reached skill level 4 in Earth Magic
   401 | D:1      | Reached XP level 2. HP: 15/15 MP: 1/5
  1308 | D:2      | Reached skill level 1 in Transmutations
  1308 | D:2      | Reached XP level 3. HP: 16/19 MP: 1/6
  1359 | D:2      | Learned a level 3 spell: Stone Arrow
  1391 | D:2      | Found a shimmering altar of Xom.
  1530 | D:2      | Noticed a scorpion
  1588 | D:2      | Gained mutation: You are clumsy. (Dex -2) [potion of
                  | mutation]
  1588 | D:2      | Gained mutation: Your large and strong wings let you fly.
                  | [potion of mutation]
  1615 | D:2      | Slain by a scorpion

Illustrated notes

Levels and vault maps discovered:
D:1:      lightli_arrival_boilingwater, layout_basic,
          nicolae_concentric_dashed_squares_wild
D:2:      layout_basic, basic_altar, minmay_tree_intersection

Skill      XL: |  1  2 |
---------------+-------+-----
Earth Magic    | 4 |  4.5
Transmutations | 1 |  1.2
Dodging        | |  1.5
Stealth        | |  2.1
Spellcasting   | |  2.3
Conjurations   | |  0.1

Action                   || total
-------------------------++-------
Melee: Dagger            ||    22
 Cast: Sandblast         ||    37
       Stone Arrow       ||     2
  Use: Scroll            ||     4
       Potion            ||     4
Armor: Robe              ||     6
       Skin              ||    40
Dodge: Dodged            ||     9

Table legend: (Time is in decaauts)
 A = Elapsed time spent in this place.
 B = Non-inter-level travel time spent in this place.
 C = Inter-level travel time spent in this place.
 D = Time resting spent in this place.
 E = Time spent auto-exploring this place.
 F = Levels seen in this place.
 G = Mean time per level.
                   A        B        C        D        E       F      G
               +--------+--------+--------+--------+--------+-----+--------+
         Total |   1609 |   1559 |     50 |    426 |    929 |   2 |  804.5 |
       Dungeon |   1609 |   1559 |     50 |    426 |    929 |   2 |  804.5 |
               +--------+--------+--------+--------+--------+-----+--------+

Top non-repeatable levels by time:
     D:1: 1072 daAuts
     D:2: 536 daAuts
